| TOP OF THE 1ST |
|
Montreal Expos batting - Pitching for Boston Red Sox : LHP Momosuke Sato
|
|
Pitching: LHP Momosuke Sato
|
|
|
Batting: RHB John Ham
|
0-0: Called Strike 0-1: Ball 1-1: Ground out 4-3 (Groundball, 6MD, EV 94.4 MPH)
|
|
Batting: RHB Steve French
|
0-0: SINGLE (Groundball, 56D, EV 96.2 MPH)
|
|
Batting: SHB Joey Pacheco
|
0-0: Called Strike 0-1: Ball 1-1: Foul Ball, location: 2F 1-2: TRIPLE (Line Drive, 89XD, EV 102.5 MPH) Steve French scores
|
|
Batting: RHB Jonathan Fraire
|
0-0: Called Strike 0-1: Called Strike 0-2: Ball 1-2: Fly out, F9 (Flyball, 9, EV 89.4 MPH) Runner from 3rd tags up, OUT at HOME! 9-2
|
| Top of the 1st over - 1 run, 2 hits, 0 errors, 0 left on base; Montreal 1 - Boston 0 |
| BOTTOM OF THE 1ST |
|
Boston Red Sox batting - Pitching for Montreal Expos : RHP Steve Barrett
|
|
Pitching: RHP Steve Barrett
|
|
|
Batting: RHB Alois Wollf
|
0-0: Swinging Strike 0-1: Ground out 4-3 (Groundball, 4, EV 106.9 MPH)
|
|
Batting: LHB Kevin McCormic Jr.
|
0-0: Ball 1-0: Foul Ball, location: 2F 1-1: Called Strike 1-2: Strikes out swinging
|
|
Batting: LHB Sakae Kasahara
|
0-0: Ball 1-0: Called Strike 1-1: Ground out 4-3 (Groundball, 34D, EV 100.0 MPH)
|
| Bottom of the 1st over - 0 runs, 0 hits, 0 errors, 0 left on base; Montreal 1 - Boston 0 |
| TOP OF THE 2ND |
|
Montreal Expos batting - Pitching for Boston Red Sox : LHP Momosuke Sato
|
|
Batting: RHB Tommy Mize
|
0-0: Called Strike 0-1: Called Strike 0-2: Ground out 4-3 (Groundball, 4, EV 87.5 MPH)
|
|
Batting: LHB Austin Ohmer
|
0-0: TRIPLE (Line Drive, 9LD, EV 112.5 MPH)
|
|
Batting: RHB Eugênio Asceno
|
0-0: Ball 1-0: Ball 2-0: Foul Ball, location: 2F 2-1: Swinging Strike 2-2: Strikes out swinging
|
|
Batting: SHB Lou Kroneman
|
0-0: Ground out 6-3 (Groundball, 56, EV 104.4 MPH)
|
| Top of the 2nd over - 0 runs, 1 hit, 0 errors, 1 left on base; Montreal 1 - Boston 0 |
| BOTTOM OF THE 2ND |
|
Boston Red Sox batting - Pitching for Montreal Expos : RHP Steve Barrett
|
|
Batting: LHB Jarrett Mordecai
|
0-0: Ball 1-0: Ball 2-0: Called Strike 2-1: Called Strike 2-2: Strikes out swinging
|
|
Batting: RHB Elijah Campbell
|
0-0: Ball 1-0: SINGLE (Groundball, 34D, EV 95.0 MPH)
|
|
Batting: RHB Nick Esteves
|
0-0: Ball 1-0: Ball 2-0: Ball 3-0: Called Strike 3-1: Base on Balls Elijah Campbell to second
|
|
Batting: RHB Jose Diaz
|
0-0: Ball 1-0: Foul Ball, location: 2F 1-1: Called Strike 1-2: Foul Ball, location: 2F 1-2: Ball 2-2: Fielders Choice at 2nd, 3-6 (Groundball, 34, EV 101.2 MPH) Elijah Campbell to third
|
|
Batting: SHB Greg Shaw
|
0-0: SINGLE (Groundball, 4MS, EV 63.8 MPH) (infield hit) Elijah Campbell scores Jose Diaz to second
|
|
Batting: RHB Ray Llewellyn
|
0-0: Called Strike 0-1: Ball 1-1: Foul Ball, location: 2F 1-2: Ground out 5-3 (Groundball, 56S, EV 61.2 MPH)
|
| Bottom of the 2nd over - 1 run, 2 hits, 0 errors, 2 left on base; Montreal 1 - Boston 1 |
| TOP OF THE 3RD |
|
Montreal Expos batting - Pitching for Boston Red Sox : LHP Momosuke Sato
|
|
Batting: RHB Danny Diaz
|
0-0: Foul Ball, location: 2F 0-1: Swinging Strike 0-2: Foul Ball, location: 2F 0-2: Ball 1-2: Ball 2-2: Foul Ball, location: 2F 2-2: Fly out, F7 (Flyball, 7D, EV 85.0 MPH)
|
|
Batting: RHB John Ham
|
0-0: Ball 1-0: Ball 2-0: SOLO HOME RUN (Flyball, 7LD, EV 95.6 MPH), Distance : 361 ft
|
|
Batting: RHB Steve French
|
0-0: Ball 1-0: Called Strike 1-1: Foul Ball, location: 2F 1-2: Strikes out swinging
|
|
Batting: SHB Joey Pacheco
|
0-0: Called Strike 0-1: Foul Ball, location: 2F 0-2: Strikes out swinging
|
| Top of the 3rd over - 1 run, 1 hit, 0 errors, 0 left on base; Montreal 2 - Boston 1 |
| BOTTOM OF THE 3RD |
|
Boston Red Sox batting - Pitching for Montreal Expos : RHP Steve Barrett
|
|
Batting: RHB Alois Wollf
|
0-0: Ball 1-0: Ball 2-0: Foul Ball, location: 2F 2-1: Ball 3-1: Foul Ball, location: 2F 3-2: SINGLE (Groundball, 34D, EV 109.4 MPH)
|
|
Batting: LHB Kevin McCormic Jr.
|
0-0: Called Strike 0-1: Ball 1-1: Called Strike 1-2: Strikes out looking
|
|
Batting: LHB Sakae Kasahara
|
0-0: Called Strike 0-1: Swinging Strike 0-2: Fly out, F8 (Line Drive, 8RM, EV 94.4 MPH)
|
|
Batting: LHB Jarrett Mordecai
|
0-0: Called Strike Alois Wollf steals 2nd base (no throw) 0-1: Swinging Strike 0-2: Ground out 4-3 (Groundball, 4, EV 76.9 MPH)
|
| Bottom of the 3rd over - 0 runs, 1 hit, 0 errors, 1 left on base; Montreal 2 - Boston 1 |
| TOP OF THE 4TH |
|
Montreal Expos batting - Pitching for Boston Red Sox : LHP Momosuke Sato
|
|
Batting: RHB Jonathan Fraire
|
0-0: Called Strike 0-1: Foul Ball, location: 2F 0-2: Strikes out swinging
|
|
Batting: RHB Tommy Mize
|
0-0: Ball 1-0: Ball 2-0: Swinging Strike 2-1: Ball 3-1: Foul Ball, location: 2F 3-2: Foul Ball, location: 2F 3-2: Strikes out swinging
|
|
Batting: LHB Austin Ohmer
|
0-0: Foul Ball, location: 2F 0-1: Swinging Strike 0-2: SINGLE (Line Drive, 9S, EV 93.1 MPH)
|
|
Batting: RHB Eugênio Asceno
|
0-0: Called Strike 0-1: Called Strike Austin Ohmer is caught stealing 2nd base 2-4
|
| Top of the 4th over - 0 runs, 1 hit, 0 errors, 0 left on base; Montreal 2 - Boston 1 |
| BOTTOM OF THE 4TH |
|
Boston Red Sox batting - Pitching for Montreal Expos : RHP Steve Barrett
|
|
Batting: RHB Elijah Campbell
|
0-0: Ball 1-0: Called Strike 1-1: Ball 2-1: Foul Ball, location: 2F 2-2: Ball 3-2: Foul Ball, location: 2F 3-2: Base on Balls
|
|
Batting: RHB Nick Esteves
|
0-0: Called Strike 0-1: Swinging Strike 0-2: Ball 1-2: Ball 2-2: Strikes out swinging Elijah Campbell is caught stealing 2nd base 2-4 Batter strikes out.
|
|
Batting: RHB Jose Diaz
|
0-0: Called Strike 0-1: Foul Ball, location: 2F 0-2: Foul Ball, location: 2F 0-2: Ball 1-2: Ball 2-2: Fly out, F8 (Flyball, 8LM, EV 76.2 MPH)
|
| Bottom of the 4th over - 0 runs, 0 hits, 0 errors, 0 left on base; Montreal 2 - Boston 1 |
| TOP OF THE 5TH |
|
Montreal Expos batting - Pitching for Boston Red Sox : LHP Momosuke Sato
|
|
Batting: RHB Eugênio Asceno
|
0-0: Ground out 5-3 (Groundball, 56S, EV 86.2 MPH)
|
|
Batting: SHB Lou Kroneman
|
0-0: SINGLE (Groundball, 6MD, EV 95.6 MPH)
|
|
Batting: RHB Danny Diaz
|
0-0: Called Strike 0-1: Foul Ball, location: 2F 0-2: Ball Wild Pitch! Lou Kroneman to second 1-2: Strikes out swinging
|
|
Batting: RHB John Ham
|
0-0: 2-RUN HOME RUN (Flyball, 7D, EV 98.8 MPH), Distance : 383 ft
|
|
Batting: RHB Steve French
|
0-0: Foul Ball, location: 2F 0-1: Foul Ball, location: 2F 0-2: SOLO HOME RUN (Flyball, 7LD, EV 96.2 MPH), Distance : 374 ft
|
|
Pitching: RHP Frank Picaso
|
|
|
Batting: SHB Joey Pacheco
|
0-0: Ball 1-0: DOUBLE (Line Drive, 9LS, EV 99.4 MPH)
|
|
Batting: RHB Jonathan Fraire
|
0-0: Ball 1-0: Ball 2-0: Foul Ball, location: 2F 2-1: Ball 3-1: Swinging Strike 3-2: Foul Ball, location: 2F 3-2: Strikes out swinging
|
| Top of the 5th over - 3 runs, 4 hits, 0 errors, 1 left on base; Montreal 5 - Boston 1 |
| BOTTOM OF THE 5TH |
|
Boston Red Sox batting - Pitching for Montreal Expos : RHP Steve Barrett
|
|
Batting: SHB Greg Shaw
|
0-0: Called Strike 0-1: Ball 1-1: Ball 2-1: SINGLE (Groundball, 4MD, EV 95.6 MPH)
|
|
Batting: RHB Ray Llewellyn
|
0-0: Called Strike 0-1: SINGLE (Groundball, 56D, EV 98.8 MPH) Greg Shaw to second
|
|
Batting: RHB Alois Wollf
|
0-0: Ball 1-0: Fly out, F7 (Flyball, 7LMF, EV 109.4 MPH)
|
|
Batting: LHB Kevin McCormic Jr.
|
0-0: Ball 1-0: Foul Ball, location: 2F 1-1: Fly out, F8 (Flyball, 8RM, EV 87.5 MPH)
|
|
Batting: LHB Sakae Kasahara
|
0-0: Foul Ball, location: 2F 0-1: Ball 1-1: Ball 2-1: Foul Ball, location: 2F 2-2: Ground out 4-3 (Groundball, 4, EV 85.0 MPH)
|
| Bottom of the 5th over - 0 runs, 2 hits, 0 errors, 2 left on base; Montreal 5 - Boston 1 |
| TOP OF THE 6TH |
|
Montreal Expos batting - Pitching for Boston Red Sox : RHP Frank Picaso
|
|
Batting: RHB Tommy Mize
|
0-0: Ball 1-0: Foul Ball, location: 2F 1-1: Called Strike 1-2: Fly out, F8 (Flyball, 8LXD, EV 84.4 MPH)
|
|
Batting: LHB Austin Ohmer
|
0-0: Called Strike 0-1: Swinging Strike 0-2: Ball 1-2: SINGLE (Groundball, 34S, EV 68.1 MPH) (infield hit)
|
|
Batting: RHB Eugênio Asceno
|
0-0: Ball 1-0: Called Strike 1-1: Swinging Strike 1-2: Strikes out swinging
|
|
Batting: SHB Lou Kroneman
|
0-0: Called Strike 0-1: Foul Ball, location: 2F 0-2: Ball 1-2: Strikes out swinging
|
| Top of the 6th over - 0 runs, 1 hit, 0 errors, 1 left on base; Montreal 5 - Boston 1 |
| BOTTOM OF THE 6TH |
|
Boston Red Sox batting - Pitching for Montreal Expos : RHP Steve Barrett
|
|
Batting: LHB Jarrett Mordecai
|
0-0: Called Strike 0-1: Swinging Strike 0-2: Strikes out swinging
|
|
Batting: RHB Elijah Campbell
|
0-0: Foul Ball, location: 2F 0-1: Ground out 5-3 (Groundball, 56S, EV 85.0 MPH)
|
|
Batting: RHB Nick Esteves
|
0-0: Ball 1-0: Ball 2-0: Called Strike 2-1: Swinging Strike 2-2: Foul Ball, location: 2F 2-2: Ball 3-2: Ground out U3 (Groundball, 34, EV 85.0 MPH)
|
| Bottom of the 6th over - 0 runs, 0 hits, 0 errors, 0 left on base; Montreal 5 - Boston 1 |
| TOP OF THE 7TH |
|
Montreal Expos batting - Pitching for Boston Red Sox : RHP Frank Picaso
|
|
Pitching: RHP John Jordan
|
|
|
Batting: RHB Danny Diaz
|
0-0: Called Strike 0-1: Swinging Strike 0-2: Ball 1-2: Ground out 4-3 (Groundball, 4, EV 93.8 MPH)
|
|
Batting: RHB John Ham
|
0-0: Ball 1-0: Ball 2-0: Swinging Strike 2-1: Called Strike 2-2: Foul Ball, location: 2F 2-2: Ball 3-2: Ground out 6-3 (Groundball, 6, EV 83.8 MPH)
|
|
Batting: RHB Steve French
|
0-0: Foul Ball, location: 2F 0-1: Foul Ball, location: 2F 0-2: Strikes out swinging
|
| Top of the 7th over - 0 runs, 0 hits, 0 errors, 0 left on base; Montreal 5 - Boston 1 |
| BOTTOM OF THE 7TH |
|
Boston Red Sox batting - Pitching for Montreal Expos : RHP Steve Barrett
|
|
Batting: RHB Jose Diaz
|
0-0: Ground out 5-3 (Groundball, 56S, EV 61.2 MPH)
|
|
Batting: SHB Greg Shaw
|
0-0: Ball 1-0: Ball 2-0: Swinging Strike 2-1: Ball 3-1: Foul Ball, location: 2F 3-2: Foul Ball, location: 2F 3-2: Foul Ball, location: 2F 3-2: Base on Balls
|
|
Batting: RHB Ray Llewellyn
|
0-0: Called Strike 0-1: Ball Greg Shaw steals 2nd base 1-1: Foul Ball, location: 2F 1-2: Ball 2-2: Ball 3-2: Foul Ball, location: 2F 3-2: Fly out, F4 (Line Drive, 4MD, EV 66.2 MPH)
|
|
Pitching: RHP Joel Montenegro
|
|
|
Batting: RHB Alois Wollf
|
0-0: Called Strike 0-1: Ball 1-1: Ground out 6-3 (Groundball, 6, EV 90.0 MPH)
|
| Bottom of the 7th over - 0 runs, 0 hits, 0 errors, 1 left on base; Montreal 5 - Boston 1 |
| TOP OF THE 8TH |
|
Montreal Expos batting - Pitching for Boston Red Sox : RHP John Jordan
|
|
Pitching: LHP John Hotham
|
|
|
Batting: SHB Joey Pacheco
|
0-0: Ball 1-0: Ball 2-0: Ball 3-0: Base on Balls
|
|
Batting: RHB Jonathan Fraire
|
0-0: Ball Joey Pacheco is caught stealing 2nd base 2-4 1-0: Foul Ball, location: 2F 1-1: Foul Ball, location: 2F 1-2: Fly out, F9 (Flyball, 9S, EV 89.4 MPH)
|
|
Batting: RHB Tommy Mize
|
0-0: Foul Ball, location: 2F 0-1: Ball 1-1: Ground out 1-3 (Groundball, 25, EV 69.4 MPH)
|
| Top of the 8th over - 0 runs, 0 hits, 0 errors, 0 left on base; Montreal 5 - Boston 1 |
| BOTTOM OF THE 8TH |
|
Boston Red Sox batting - Pitching for Montreal Expos : RHP Joel Montenegro
|
|
Now in LF: Bill McGregor
|
|
|
Batting: LHB Kevin McCormic Jr.
|
0-0: Called Strike 0-1: Ground out 5-3 (Groundball, 5, EV 106.2 MPH)
|
|
Batting: LHB Sakae Kasahara
|
0-0: Ball 1-0: Ball 2-0: SOLO HOME RUN (Flyball, 89XD, EV 116.2 MPH), Distance : 437 ft
|
|
Batting: LHB Jarrett Mordecai
|
0-0: Ball 1-0: Called Strike 1-1: Foul Ball, location: 2F 1-2: Ball 2-2: Strikes out looking
|
|
Batting: RHB Elijah Campbell
|
0-0: Ball 1-0: Called Strike 1-1: Ground out 6-3 (Groundball, 6, EV 87.5 MPH)
|
| Bottom of the 8th over - 1 run, 1 hit, 0 errors, 0 left on base; Montreal 5 - Boston 2 |
| TOP OF THE 9TH |
|
Montreal Expos batting - Pitching for Boston Red Sox : LHP John Hotham
|
|
Pitching: LHP Danny Schneible
|
|
|
Batting: LHB Austin Ohmer
|
0-0: Foul Ball, location: 2F 0-1: Called Strike 0-2: Ball 1-2: Ball 2-2: Foul Ball, location: 2F 2-2: Fly out, F7 (Flyball, 7D, EV 83.1 MPH)
|
|
Batting: RHB Eugênio Asceno
|
0-0: Ball 1-0: Called Strike 1-1: Ball 2-1: Foul Ball, location: 2F 2-2: Strikes out swinging
|
|
Batting: SHB Lou Kroneman
|
0-0: Foul Ball, location: 2F 0-1: Ball 1-1: Foul Ball, location: 2F 1-2: Strikes out swinging
|
| Top of the 9th over - 0 runs, 0 hits, 0 errors, 0 left on base; Montreal 5 - Boston 2 |
| BOTTOM OF THE 9TH |
|
Boston Red Sox batting - Pitching for Montreal Expos : RHP Joel Montenegro
|
|
Pitching: RHP Jakub Kvacek
|
|
|
Batting: RHB Nick Esteves
|
0-0: Ball 1-0: Called Strike 1-1: DOUBLE (Flyball, 78D, EV 111.2 MPH)
|
|
Batting: RHB Jose Diaz
|
0-0: Called Strike 0-1: Foul Ball, location: 2F 0-2: SINGLE (Flyball, 8RS, EV 93.8 MPH) Nick Esteves to third
|
|
Batting: SHB Greg Shaw
|
0-0: Ground out 4-3 (Groundball, 34, EV 86.9 MPH) Nick Esteves scores Jose Diaz to second
|
|
Batting: RHB Ray Llewellyn
|
0-0: Foul Ball, location: 2F 0-1: Ball 1-1: Called Strike 1-2: Ball 2-2: Ground out U3 (Groundball, 34, EV 81.9 MPH) Jose Diaz to third
|
|
Batting: RHB Alois Wollf
|
0-0: Called Strike 0-1: Ball 1-1: Ball 2-1: Ball 3-1: Foul Ball, location: 2F 3-2: Base on Balls
|
|
Batting: LHB Kevin McCormic Jr.
|
0-0: Foul Ball, location: 2F 0-1: Ball 1-1: Ball 2-1: Ball 3-1: Fly out, F5 (Popup, 5F, EV 66.9 MPH)
|
| Bottom of the 9th over - 1 run, 2 hits, 0 errors, 2 left on base; Montreal 5 - Boston 3 |
|